 Seeded DCSS version 0.28.0-53-g5a82cb258f (webtiles) character file.

Game seed: 9403513121866162502 (custom seed)

15339 hikkokomori the Zephyrmancer (level 12, -1/77 HPs)
             Began as a Tengu Air Elementalist on Oct 24, 2022.
             Was an Elder of Vehumet.
             Slain by a naga
             ... wielding a +0 halberd
              (24 damage)
             ... on level 2 of the Lair of Beasts.
             The game lasted 00:31:51 (14402 turns).

hikkokomori the Zephyrmancer (TeAE)                Turns: 14402, Time: 00:31:51

Health: -1/77      AC:  6    Str:  8    XL:     12   Next: 26%
Magic:  12/23      EV: 21    Int: 20    God:    Vehumet [****..]
Gold:   734        SH:  0    Dex: 20    Spells: 10/24 levels left

rFire   . . .      SeeInvis .   v - +10 dagger "Ytwetett" {venom, Dex+4 Stlth+}
rCold   . . .      Faith    .   (no shield)
rNeg    . . .      Spirit   .   E - +0 troll leather armour
rPois   +          Reflect  .   (helmet restricted)
rElec   .          Harm     .   h - +1 cloak
rCorr   .          Rampage  .   (no gloves)
Will    .....                   (boots unavailable)
Stlth   ++++......              (no amulet)
HPRegen 1.02/turn               I - +4 ring of evasion
MPRegen 0.18/turn               z - ring of poison resistance

@: flying quickly and evasively, constricted, studying Bows, quick
A: beak, talons 3, nimble flight
a: Renounce Religion


You were on level 2 of the Lair of Beasts.
You worshipped Vehumet.
Vehumet was greatly pleased with you.
You visited 3 branches of the dungeon, and saw 15 of its levels.

You collected 734 gold pieces.

Inventory:

Hand Weapons
 b - a +0 spectral whip
 v - the +10 dagger "Ytwetett" (weapon) {venom, Dex+4 Stlth+}
   (You found it on level 4 of the Dungeon)

   It poisons the flesh of those it strikes.
   Dex:       It affects your dexterity (+4).
   Stlth:     It makes you more stealthy.
 A - a +1 scimitar of flaming
 C - the +6 morningstar "Hydraslayer" {vorpal, Int+7}
   (You found it on level 9 of the Dungeon)

   It inflicts extra damage upon your enemies.
   Int:       It affects your intelligence (+7).
Missiles
 l - 2 throwing nets
 q - 42 poisoned darts
Armour
 a - a +0 robe
 h - a +1 cloak (worn)
 E - a +0 troll leather armour (worn)
 H - a +0 buckler of fire resistance
Magical Staves
 s - a staff of conjuration
Jewellery
 z - a ring of poison resistance (right hand)
 I - a +4 ring of evasion (left hand)
 J - a ring of resist corrosion
Wands
 d - a wand of paralysis (5)
 x - a wand of polymorph (11)
 y - a wand of flame (15)
 G - a wand of iceblast (4)
 L - a wand of digging (8)
Scrolls
 i - 3 scrolls of magic mapping
 j - 4 scrolls of noise
 n - 4 scrolls of amnesia
 o - 2 scrolls of brand weapon
 r - 5 scrolls of enchant armour
 u - 2 scrolls of fear
 w - 5 scrolls of identify
 N - a scroll of blinking {unknown}
Potions
 c - a potion of might
 e - 3 potions of flight
 f - 2 potions of mutation
 g - a potion of heal wounds {unknown}
 k - 2 potions of ambrosia
 m - 4 potions of curing
 p - 3 potions of attraction {unknown}
 t - 2 potions of brilliance
 B - a potion of degeneration {unknown}
 D - a potion of lignification {unknown}
 F - a potion of magic {unknown}
 K - a potion of haste {unknown}
 M - a potion of cancellation {unknown}


   Skills:
 + Level 9.7 Fighting
 + Level 9.1 Short Blades
 - Level 8.1 Dodging
 - Level 6.7 Stealth
 - Level 6.7 Spellcasting
 - Level 1.3 Conjurations
 + Level 3.3 Translocations
 + Level 11.8 Air Magic


You had 10 spell levels left.
You knew the following spells:

 Your Spells              Type           Power      Damage    Failure   Level
a - Shock                 Conj/Air       100%       1d9       1%          1
b - Airstrike             Air            26%        N/A       1%          4
c - Blink                 Tloc           40%        N/A       5%          2
d - Sandblast             Erth           12%        2d6       4%          1
e - Mephitic Cloud        Conj/Pois/Air  24%        N/A       1%          3
f - Dazzling Flash        Conj/Hex       18%        N/A       9%          3

Your spell library contained the following spells:

 Spells                   Type           Power      Damage    Failure   Level
 Frozen Ramparts          Ice            12%        1d3       11%         3
 Poisonous Vapours        Pois/Air       60%        N/A       1%          2
 Static Discharge         Conj/Air       33%        N/A       1%          2
 Swiftness                Air            52%        N/A       1%          3
 Magic Dart               Conj           48%        1d5       2%          1
 Searing Ray              Conj           24%        2d5       3%          2
 Lesser Beckoning         Tloc           20%        N/A       11%         3
 Slow                     Hex            24%        N/A       14%         1
 Sting                    Tmut/Pois      24%        1d4       14%         1
 Iskenderun's Mystic Bla  Conj/Tloc      16%        2d5       14%         4
 Fulminant Prism          Conj/Hex       4%         3d6       26%         4
 Olgreb's Toxic Radiance  Pois           6%         N/A       32%         4
 Passage of Golubria      Tloc           20%        N/A       34%         4
 Confusing Touch          Hex            6%         N/A       38%         3
 Tukima's Dance           Hex            6%         N/A       38%         3
 Vampiric Draining        Necr           6%         2d6       38%         3
 Iskenderun's Battlesphe  Conj           12%        2d7       47%         5
 Yara's Violent Unravell  Hex/Tmut       3%         3d4       65%         5
 Manifold Assault         Tloc           20%        N/A       69%         5
 Iron Shot                Conj/Erth      4%         9d2       97%         6
 Starburst                Conj/Fire      4%         6d4       97%         6
 Spellforged Servitor     Conj/Summ      4%         N/A       100%        7


Dungeon Overview and Level Annotations

Branches:
Dungeon (12/15)            Temple (1/1) D:4            Lair (2/6) D:8
    Orc (0/2) D:9
  Swamp: Lair:2-4    Shoals: Lair:2-4     Snake: Lair:2-4    Spider: Lair:2-4

Altars:
Cheibriados
Dithmenos
Hepliaklqana
Kikubaaqudgha
Makhleb
Okawaru
Vehumet
Beogh

Shops:
D:1 !   D:5 =   D:10 [(


Innate Abilities, Weirdness & Mutations

You have a beak for a mouth.
You have claws for feet.
Your magical nature lets you fly swiftly and evasively.


Message History

You closely miss the naga. Your kick misses the naga.
The naga is heavily wounded.
You barely miss the naga. Your kick misses the naga.
You peck the naga, but do no damage.
The naga is heavily wounded.
The naga hits you with a +0 war axe! The naga closely misses you.
The naga barely misses you. The naga grabs you. The naga constricts you.
The naga completely misses you.
Unknown command.
You hit the naga. You claw the naga, but do no damage.
You peck the naga, but do no damage.
The naga is moderately wounded.
The naga spits poison at you. The splash of poison misses you.
Unknown command.
You hit the naga but do no damage. You claw the naga, but do no damage.
The naga is moderately wounded.
The naga spits poison at you.
The splash of poison hits you but does no damage.
You resist. The naga constricts you. The naga misses you.
Unknown command.
You hit the naga but do no damage. You claw the naga, but do no damage.
The naga is heavily wounded.
A naga comes into view. It is wielding a +0 trident.
The naga barely misses you. x2; The naga constricts you.
Unknown command.
The naga shouts!
You hit the naga. You peck the naga, but do no damage.
The naga is severely wounded.
The naga barely misses you.
Unknown command.
You hit the naga. Your kick misses the naga.
The naga is severely wounded.
The naga closely misses you. The naga spits poison at you.
The splash of poison hits you but does no damage.
You resist. The naga constricts you.
* * * LOW HITPOINT WARNING * * *
The naga hits you from afar with a +0 halberd!!
You die...

#....#)###.##.. ..#
...§..#.P#.##.. ..#
............#N. ..#
............#..###..
.......§.^<.##.....#
.........†...#.....#
#....#..###..##.N)#
.#...######..###N#
.P....#........N@#
...#.+#+.........#
+..#.....##.....#.....
..##.....##.......##..
..#......##.....###
..##..♣..##.....# ## ##
♣..#........♣...###.##.##
.........................
......♣.......#..........


You could see 4 nagas.

Vanquished Creatures
  Harold (D:9)
  2 hydras
  Erica (D:8)
  3 two-headed ogres
  The ghost of Gurantaxtaxq the Thaumaturge, a novice DEFE of Vehumet (D:10)
  2 cane toads (Lair:1)
  2 kobold demonologists (D:10)
  A komodo dragon (Lair:2)
  4 trolls
  A vampire (D:11)
  A wyvern (D:11)
  A wraith (D:8)
  15 yaks
  A basilisk (Lair:2)
  Menkaure (D:6)
  2 steam dragons
  2 nagas (Lair:2)
  5 water moccasins
  A sky beast (D:6)
  8 orc warriors
  A black bear (D:5)
  An ice beast (D:5)
  3 necrophages
  2 ogres (D:4)
  3 centaurs
  5 kobold brigands
  A gnoll sergeant (D:8)
  7 bullfrogs
  A scorpion (D:8)
  A wyvern zombie (D:7)
  11 killer bees
  5 howler monkeys
  6 centaur zombies
  A bullfrog zombie (D:5)
  12 orc priests
  A bullfrog skeleton (D:6)
  A hound (D:7)
  A jelly (D:4)
  6 orc wizards
  2 hound skeletons (D:4)
  A howler monkey zombie (D:8)
  11 gnolls
  11 adders
  A shadow imp (D:5)
  4 white imps
  3 ufetubi
  3 worms
  2 dart slugs
  31 orcs
  6 endoplasms
  3 giant cockroaches
  5 goblins
  7 hobgoblins
  3 jackals (D:1)
  43 kobolds
  A quokka (D:4)
  7 ball pythons
  3 bats
  A frilled lizard (D:1)
  4 rats
276 creatures vanquished.

Vanquished Creatures (others)
  18 fungi
  15 plants
33 creatures vanquished.

Grand Total: 309 creatures vanquished

Notes
Turn   | Place    | Note
-------+----------+-------------------------------------------
     0 | D:1      | hikkokomori the Tengu Air Elementalist began the quest for
                  | the Orb.
     0 | D:1      | Reached XP level 1. HP: 10/10 MP: 4/4
   115 | D:1      | Reached XP level 2. HP: 11/15 MP: 1/6
   290 | D:1      | Found Wirodosm's Distillery.
   297 | D:1      | Reached skill level 5 in Air Magic
   776 | D:1      | Reached XP level 3. HP: 19/19 MP: 3/7
  1154 | D:2      | Reached skill level 6 in Air Magic
  1338 | D:2      | Reached XP level 4. HP: 22/24 MP: 1/8
  2075 | D:2      | Reached skill level 7 in Air Magic
  2334 | D:3      | Gained mutation: Your magical nature lets you fly swiftly
                  | and evasively. [Tengu growth]
  2334 | D:3      | Reached XP level 5. HP: 28/28 MP: 0/9
  2817 | D:3      | Reached skill level 8 in Air Magic
  2905 | D:3      | Reached XP level 6. HP: 25/32 MP: 1/10
  3042 | D:3      | Found a faded altar of an unknown god.
  3241 | D:3      | Reached skill level 9 in Air Magic
  3882 | D:4      | Reached skill level 10 in Air Magic
  3882 | D:4      | Reached XP level 7. HP: 32/36 MP: 0/11
  4245 | D:4      | Found a staircase to the Ecumenical Temple.
  4249 | D:4      | Identified the +10 dagger "Ytwetett" {venom, Dex+4 Stlth+}
  4491 | Temple   | Entered the Ecumenical Temple
  4597 | Temple   | Became a worshipper of Vehumet
  4645 | D:5      | Entered Level 5 of the Dungeon
  5014 | D:5      | Reached skill level 1 in Fighting
  5014 | D:5      | Reached skill level 1 in Short Blades
  5332 | D:5      | Found an ancient bone altar of Kikubaaqudgha.
  5389 | D:5      | Found a shadowy altar of Dithmenos.
  5416 | D:5      | Found Jevaq's Jewellery Shop.
  6094 | D:6      | Reached XP level 8. HP: 45/45 MP: 12/12
  6246 | D:6      | Noticed Menkaure
  6251 | D:6      | Killed Menkaure
  6930 | D:6      | Noticed a troll
  6946 | D:6      | Killed a troll
  6947 | D:6      | Reached skill level 5 in Stealth
  7287 | D:7      | Reached skill level 5 in Short Blades
  7287 | D:7      | Reached XP level 9. HP: 33/52 MP: 1/13
  7459 | D:7      | Reached * piety under Vehumet
  7459 | D:7      | Offered knowledge of Freeze by Vehumet.
  7465 | D:7      | Learned a level 4 spell: Airstrike
  7468 | D:7      | Learned a level 2 spell: Blink
  7684 | D:7      | HP: 2/53 [centaur/arrow (4)]
  7686 | D:7      | Reached skill level 5 in Fighting
  8992 | D:8      | Reached ** piety under Vehumet
  8992 | D:8      | Offered knowledge of Sandblast by Vehumet.
  9283 | D:8      | Found a staircase to the Lair.
  9380 | D:8      | Noticed Erica
  9389 | D:8      | Killed Erica
  9390 | D:8      | Reached XP level 10. HP: 60/60 MP: 0/17
  9550 | D:8      | Reached skill level 5 in Dodging
 10074 | D:8      | Noticed a two-headed ogre
 10074 | D:8      | Noticed a cyclops
 10075 | D:8      | Noticed a manticore
 10075 | D:8      | Noticed a tengu warrior
 10160 | D:9      | Found a staircase to the Orcish Mines.
 10160 | D:9      | Noticed Harold
 10181 | D:9      | Killed Harold
 10793 | D:9      | Reached skill level 5 in Spellcasting
 10818 | D:9      | Identified the +6 morningstar "Hydraslayer" {vorpal, Int+7}
 10822 | D:9      | Learned a level 1 spell: Sandblast
 10964 | D:10     | Entered Level 10 of the Dungeon
 10964 | D:10     | Noticed a two-headed ogre
 10964 | D:10     | Found Parch's Antique Armour Boutique.
 10965 | D:10     | Killed a two-headed ogre
 10965 | D:10     | Offered knowledge of Ignite Poison by Vehumet.
 10979 | D:9      | HP: 2/63 [something/puff of flame (9)]
 11520 | D:10     | Noticed a kobold demonologist
 11520 | D:10     | Noticed a kobold demonologist
 11546 | D:10     | Killed a kobold demonologist
 11546 | D:10     | Reached *** piety under Vehumet
 11546 | D:10     | Killed a kobold demonologist
 11547 | D:10     | Reached XP level 11. HP: 64/68 MP: 14/20
 11895 | D:10     | Found Mumma's Antique Weapon Boutique.
 12069 | D:10     | Found a runed translucent gate.
 12069 | D:10     | Found a runed translucent gate.
 12069 | D:10     | Found a runed translucent gate.
 12069 | D:10     | Noticed Gurantaxtaxq's ghost (novice DEFE)
 12270 | D:10     | Killed Gurantaxtaxq's ghost
 12462 | D:11     | Noticed a two-headed ogre
 12466 | D:11     | Killed a two-headed ogre
 12474 | D:11     | Noticed a two-headed ogre
 12497 | D:11     | Killed a two-headed ogre
 12880 | D:11     | Offered knowledge of Mephitic Cloud by Vehumet.
 12899 | D:11     | Reached skill level 1 in Translocations
 13349 | Lair:1   | Entered Level 1 of the Lair of Beasts
 13515 | Lair:1   | Noticed an eight-headed hydra
 13522 | Lair:1   | Killed an eight-headed hydra
 13523 | Lair:1   | Reached skill level 11 in Air Magic
 13848 | Lair:1   | Learned a level 3 spell: Mephitic Cloud
 13852 | Lair:1   | Learned a level 3 spell: Dazzling Flash
 14083 | Lair:2   | Reached XP level 12. HP: 71/76 MP: 23/23
 14110 | Lair:2   | Reached **** piety under Vehumet
 14209 | Lair:2   | Offered knowledge of Frozen Ramparts by Vehumet.
 14313 | Lair:2   | Noticed a five-headed hydra
 14357 | Lair:2   | Killed a five-headed hydra
 14402 | Lair:2   | Slain by a naga

Illustrated notes

Levels and vault maps discovered:
D:1:      roderic_dead_forest, layout_basic, serial_shops, shop
D:2:      layout_loops_cross, minmay_split_cup_large
D:3:      layout_rooms, nicolae_ecumenical_snake_handling
D:4:      minmay_octagon_keep, layout_gridville,
          minmay_temple_entry_gardened_gates
D:5:      layout_gridville, mainiacjoe_overflow_catch_the_wave,
          nicolae_take_the_stairs
D:6:      layout_cave_pools, hangedman_abyss_or_decor_stagger,
          chequers_serial_rivers_small_3, hangedman_decor_lopped, minivault_5,
          chequers_serial_rivers_micro_b, uniq_menkaure
D:7:      layout_cave_pools, minmay_manual_mares
D:8:      layout_basic, grunt_lair_entry_orc_guard_hut, minmay_the_grid_2x2
          [minmay_the_grid_mess, minmay_the_grid_eight,
          minmay_the_grid_dragon_b, minmay_the_grid_prize_big_room], uniq_erica
D:9:      layout_cave_pools, minmay_orc_entry_temple_small, uniq_harold
D:10:     nicolae_BIG_FREAKIN_CUBE, layout_loops_cross,
          biasface_ghost_orc_armoury, serial_shops, nicolae_stop_n_shop_1,
          shop_fountains, corexii_corridor_pit
D:11:     layout_gridville
D:12:     layout_rooms, uniq_psyche
Temple:   mainiacjoe_temple_cubbyholes
Lair:1:   layout_regular_city, grunt_megastairs_5
Lair:2:   layout_regular_city, minmay_snake_entry_guardpost_medium,
          minmay_shattered_shrine, serial_bayou_shore_b, grunt_megastairs_3

Skill      XL: |  1  2  3  4  5  6  7  8  9 10 11 12 |
---------------+-------------------------------------+-----
Air Magic      | 5 6 7 8 10 11 | 11.8
Fighting       | 2 4 6 7 9 |  9.7
Short Blades   | 2 5 6 7 8 9 |  9.1
Stealth        | 3 5 6 |  6.7
Dodging        | 4 7 8 |  8.1
Spellcasting   | 4 5 6 |  6.7
Translocations | 2 3 |  3.3
Conjurations   | |  1.3

Action                   |  1- 3 |  4- 6 |  7- 9 | 10-12 || total
-------------------------+-------+-------+-------+-------++-------
Melee: Whip              |    25 |    19 |       |       ||    44
       Kick              |     6 |     5 |    24 |   131 ||   166
       Peck              |     3 |     5 |     8 |    74 ||    90
       Dagger            |       |       |    61 |   345 ||   406
       Punch             |       |       |     1 |     7 ||     8
 Cast: Shock             |    63 |   108 |   258 |    93 ||   522
       Airstrike         |       |       |     3 |    10 ||    13
       Blink             |       |       |       |     1 ||     1
       Mephitic Cloud    |       |       |       |     2 ||     2
Evoke: Wand              |       |       |     1 |     3 ||     4
  Use: Scroll            |       |     2 |     7 |     5 ||    14
       Potion            |       |       |     1 |     4 ||     5
 Stab: Sleeping          |       |       |     1 |    10 ||    11
       Distracted        |       |       |       |     1 ||     1
       Confused          |       |       |       |     4 ||     4
Armor: Robe              |     8 |     2 |    17 |     7 ||    34
       Troll leather arm |       |       |       |    32 ||    32
Dodge: Dodged            |    25 |    34 |   115 |   298 ||   472
